3L
KINGSTON TOWNSHIP KNIGHTS @ BROOKLYN DODGERS
08/09/2034
 
TOP OF THE 1ST
Kingston Township Knights batting - Pitching for Brooklyn Dodgers : RHP Peer Akerboom
Pitching: RHP Peer Akerboom
Batting: RHB Alfredo Cardenas 0-0: Ground out 2-3 (Groundball, 2R)
Batting: LHB António González 0-0: Ball
1-0: Foul Ball, location: 2F
1-1: Ball
2-1: Fly out, F4 (Line Drive, 4MD)
Batting: RHB Ron Bernard 0-0: Ball
1-0: Ground out 6-3 (Groundball, 6)
Top of the 1st over - 0 runs, 0 hits, 0 errors, 0 left on base; Kingston Township 0 - Brooklyn 0
BOTTOM OF THE 1ST
Brooklyn Dodgers batting - Pitching for Kingston Township Knights : LHP Pete Rhue
Pitching: LHP Pete Rhue
Batting: RHB Giobbe Bastedo 0-0: SINGLE (Line Drive, 56)
Batting: RHB Cooper Lowe 0-0: Foul Ball, location: 2F
0-1: Ball
1-1: Ball
2-1: Ball
3-1: SINGLE (Groundball, 6MD)
Giobbe Bastedo to second
Batting: LHB Avon Barksdale 0-0: Ball
Cooper Lowe steals 2nd base
Giobbe Bastedo to third
1-0: Ball
2-0: Ball
Wild Pitch!
Giobbe Bastedo scores
Cooper Lowe to third
3-0: Called Strike
3-1: Called Strike
3-2: Ground out 6-3 (Groundball, 6)
Cooper Lowe scores
Batting: SHB Félix Medina 0-0: Ball
1-0: Called Strike
1-1: SINGLE (Line Drive, 78S)
Batting: RHB Gerald Clark 0-0: Foul Ball, location: 2F
0-1: Ball
Pickoff Throw to First - Error! E1
Félix Medina to second
1-1: SINGLE (Line Drive, 4MD)
Félix Medina to third
Runner from 3rd tries for Home, SAFE, no throw
Batting: LHB Jérôme Masson 0-0: Ball
1-0: Called Strike
1-1: Swinging Strike
1-2: Ball
2-2: Foul Ball, location: 2F
2-2: Strikes out swinging
Batting: SHB Tommy Dreamer 0-0: Ball
1-0: Called Strike
1-1: Ball
2-1: Ground out 3-1 (Groundball, 23)
Bottom of the 1st over - 3 runs, 4 hits, 1 error, 1 left on base; Kingston Township 0 - Brooklyn 3
TOP OF THE 2ND
Kingston Township Knights batting - Pitching for Brooklyn Dodgers : RHP Peer Akerboom
Batting: LHB Ed Mellor 0-0: Ball
1-0: Foul Ball, location: 2F
1-1: Foul Ball, location: 2F
1-2: Ball
2-2: Ball
3-2: Base on Balls
Batting: RHB EP Weston 0-0: Called Strike
0-1: Called Strike
0-2: Strikes out swinging
Batting: RHB Júlio Rodríguez 0-0: Ground out U3 (Groundball, 3S)
Ed Mellor to second
Batting: RHB José Icaza 0-0: Ball
1-0: Ball
2-0: Ball
3-0: Base on Balls
Batting: RHB Gustavo Mateo 0-0: Fly out, F7 (Line Drive, 7D)
Top of the 2nd over - 0 runs, 0 hits, 0 errors, 2 left on base; Kingston Township 0 - Brooklyn 3
BOTTOM OF THE 2ND
Brooklyn Dodgers batting - Pitching for Kingston Township Knights : LHP Pete Rhue
Batting: RHB Fontana Contaldo 0-0: Ball
1-0: Called Strike
1-1: Foul Ball, location: 2F
1-2: Ball
2-2: Foul Ball, location: 2F
2-2: DOUBLE (Line Drive, 7D)
Pinch Runner at 2nd Roberto Soto:
Batting: LHB Mike Gillespie 0-0: Ball
1-0: Ground out 4-3 (Groundball, 4D)
Roberto Soto to third
Batting: RHB Giobbe Bastedo 0-0: Ball
1-0: Foul Ball, location: 2F
1-1: SINGLE (Groundball, 56D)
Roberto Soto scores
Batting: RHB Cooper Lowe 0-0: Foul Ball, location: 2F
0-1: Swinging Strike
0-2: Strikes out swinging
Giobbe Bastedo steals 2nd base
Batter strikes out.
Batting: LHB Avon Barksdale 0-0: Ball
1-0: Swinging Strike
1-1: Foul Ball, location: 2F
1-2: Strikes out swinging
Bottom of the 2nd over - 1 run, 2 hits, 0 errors, 1 left on base; Kingston Township 0 - Brooklyn 4
TOP OF THE 3RD
Kingston Township Knights batting - Pitching for Brooklyn Dodgers : RHP Peer Akerboom
Now at SS: Roberto Soto
Batting: LHB Ruben Yim 0-0: Called Strike
0-1: Foul Ball, location: 2F
0-2: Ball
1-2: SINGLE (Popup, 34D)
Batting: RHB Alfredo Cardenas 0-0: Ball
1-0: Fly out, F9 (Line Drive, 9S)
Batting: LHB António González 0-0: Called Strike
Ruben Yim steals 2nd base
0-1: Called Strike
0-2: Ball
1-2: Ball
2-2: Foul Ball, location: 2F
2-2: Ground out 6-3 (Groundball, 6)
Ruben Yim to third
Batting: RHB Ron Bernard 0-0: Foul Ball, location: 2F
0-1: Ball
1-1: Ball
2-1: Foul Ball, location: 2F
2-2: Foul Ball, location: 2F
2-2: Ball
3-2: Fly out, F6 (Line Drive, 6)
Top of the 3rd over - 0 runs, 1 hit, 0 errors, 1 left on base; Kingston Township 0 - Brooklyn 4
BOTTOM OF THE 3RD
Brooklyn Dodgers batting - Pitching for Kingston Township Knights : LHP Pete Rhue
Batting: SHB Félix Medina 0-0: Ball
1-0: Ball
2-0: Called Strike
2-1: Ball
3-1: Base on Balls
Batting: RHB Gerald Clark 0-0: Foul Ball, location: 2F
0-1: Ball
1-1: Fly out, F7 (Flyball, 7D)
Batting: LHB Jérôme Masson 0-0: Called Strike
0-1: Ball
1-1: Called Strike
1-2: Fielders Choice at 2nd, 6-4 (Groundball, 56)
Batting: SHB Tommy Dreamer 0-0: Ball
1-0: Called Strike
1-1: Ball
2-1: Called Strike
2-2: Fly out, F7 (Flyball, 7)
Bottom of the 3rd over - 0 runs, 0 hits, 0 errors, 1 left on base; Kingston Township 0 - Brooklyn 4
TOP OF THE 4TH
Kingston Township Knights batting - Pitching for Brooklyn Dodgers : RHP Peer Akerboom
Batting: LHB Ed Mellor 0-0: Called Strike
0-1: Ball
1-1: Ball
2-1: Foul Ball, location: 2F
2-2: Ground out 4-3 (Groundball, 34)
Batting: RHB EP Weston 0-0: Ball
1-0: Foul Ball, location: 2F
1-1: Swinging Strike
1-2: SINGLE (Flyball, 8LS)
Batting: RHB Júlio Rodríguez 0-0: Called Strike
0-1: Foul Ball, location: 2F
0-2: Grounds out, U3 (Groundball, 3L)
Batting: RHB José Icaza 0-0: Called Strike
0-1: Ball
1-1: Ball
2-1: Ball
3-1: Called Strike
3-2: Strikes out swinging
Top of the 4th over - 0 runs, 1 hit, 0 errors, 1 left on base; Kingston Township 0 - Brooklyn 4
BOTTOM OF THE 4TH
Brooklyn Dodgers batting - Pitching for Kingston Township Knights : LHP Pete Rhue
Batting: LHB Roberto Soto 0-0: Called Strike
0-1: Foul Ball, location: 2F
0-2: Foul Ball, location: 2F
0-2: Ball
1-2: Ball
2-2: Foul Ball, location: 2F
2-2: Strikes out swinging
Batting: LHB Mike Gillespie 0-0: Called Strike
0-1: Called Strike
0-2: Ball
1-2: Ball
2-2: Ball
3-2: Strikes out looking
Batting: RHB Giobbe Bastedo 0-0: Ball
1-0: Ground out 6-3 (Groundball, 6M)
Bottom of the 4th over - 0 runs, 0 hits, 0 errors, 0 left on base; Kingston Township 0 - Brooklyn 4
TOP OF THE 5TH
Kingston Township Knights batting - Pitching for Brooklyn Dodgers : RHP Peer Akerboom
Batting: RHB Gustavo Mateo 0-0: Foul Ball, location: 2F
0-1: Called Strike
0-2: Ball
1-2: Foul Ball, location: 2F
1-2: Ball
2-2: Foul Ball, location: 2F
2-2: Fly out, F7 (Flyball, 7D)
Batting: LHB Ruben Yim 0-0: Called Strike
0-1: Swinging Strike
0-2: Strikes out looking
Batting: RHB Alfredo Cardenas 0-0: Called Strike
0-1: Swinging Strike
0-2: Ball
1-2: Fly out, F4 (Popup, 4)
Top of the 5th over - 0 runs, 0 hits, 0 errors, 0 left on base; Kingston Township 0 - Brooklyn 4
BOTTOM OF THE 5TH
Brooklyn Dodgers batting - Pitching for Kingston Township Knights : LHP Pete Rhue
Batting: RHB Cooper Lowe 0-0: Ball
1-0: Called Strike
1-1: Ball
2-1: Ball
3-1: Called Strike
3-2: Base on Balls
Batting: LHB Avon Barksdale 0-0: Swinging Strike
0-1: Ball
1-1: Called Strike
1-2: 2-RUN HOME RUN (Flyball, 9D), Distance : 374 ft
Batting: SHB Félix Medina 0-0: Foul Ball, location: 2F
0-1: Ground out 5-3 (Groundball, 56S)
Batting: RHB Gerald Clark 0-0: Ground out 5-3 (Groundball, 5)
Batting: LHB Jérôme Masson 0-0: Called Strike
0-1: Foul Ball, location: 2F
0-2: Fly out, F7 (Flyball, 7)
Bottom of the 5th over - 2 runs, 1 hit, 0 errors, 0 left on base; Kingston Township 0 - Brooklyn 6
TOP OF THE 6TH
Kingston Township Knights batting - Pitching for Brooklyn Dodgers : RHP Peer Akerboom
Batting: LHB António González 0-0: Ball
1-0: Called Strike
1-1: Fly out, F9 (Flyball, 89D)
Batting: RHB Ron Bernard 0-0: Ball
1-0: Ball
2-0: Ball
3-0: Ground out 4-3 (Groundball, 4)
Batting: LHB Ed Mellor 0-0: Ball
1-0: Called Strike
1-1: Ball
2-1: Ball
3-1: Ground out 5-3 (Groundball, 5L)
Top of the 6th over - 0 runs, 0 hits, 0 errors, 0 left on base; Kingston Township 0 - Brooklyn 6
BOTTOM OF THE 6TH
Brooklyn Dodgers batting - Pitching for Kingston Township Knights : LHP Pete Rhue
Batting: SHB Tommy Dreamer 0-0: Ball
1-0: Foul Ball, location: 2F
1-1: Ground out 4-3 (Groundball, 4)
Batting: LHB Roberto Soto 0-0: Called Strike
0-1: Foul Ball, location: 2F
0-2: Ground out 1-3 (Groundball, 13S)
Batting: LHB Mike Gillespie 0-0: Ball
1-0: Called Strike
1-1: Ground out 5-3 (Groundball, 56)
Bottom of the 6th over - 0 runs, 0 hits, 0 errors, 0 left on base; Kingston Township 0 - Brooklyn 6
TOP OF THE 7TH
Kingston Township Knights batting - Pitching for Brooklyn Dodgers : RHP Peer Akerboom
Batting: RHB EP Weston 0-0: Called Strike
0-1: Ground out 5-3 (Groundball, 56S)
Batting: RHB Júlio Rodríguez 0-0: Ball
1-0: Ball
2-0: Ball
3-0: Foul Ball, location: 2F
3-1: Called Strike
3-2: Base on Balls
Pitching: RHP Pang Qin
Batting: RHB José Icaza 0-0: Called Strike
0-1: Ball
1-1: Ball
2-1: Ball
3-1: Called Strike
3-2: Base on Balls
Júlio Rodríguez to second
Batting: RHB Gustavo Mateo 0-0: Called Strike
0-1: Swinging Strike
0-2: Ball
1-2: Strikes out swinging
Batting: LHB Ruben Yim 0-0: Called Strike
0-1: Foul Ball, location: 2F
0-2: Ball
1-2: Ball
2-2: Strikes out swinging
Top of the 7th over - 0 runs, 0 hits, 0 errors, 2 left on base; Kingston Township 0 - Brooklyn 6
BOTTOM OF THE 7TH
Brooklyn Dodgers batting - Pitching for Kingston Township Knights : LHP Pete Rhue
Batting: RHB Giobbe Bastedo 0-0: Ball
1-0: Ball
2-0: Swinging Strike
2-1: SINGLE (Line Drive, 78S)
Pitching: RHP António Rúbio
Batting: RHB Cooper Lowe 0-0: Ground out 5-3 (Groundball, 56S)
Giobbe Bastedo to second
Batting: LHB Avon Barksdale 0-0: Called Strike
0-1: Ball
1-1: Called Strike
1-2: Ball
2-2: Foul Ball, location: 2F
2-2: Strikes out swinging
Batting: SHB Félix Medina 0-0: Ground out U3 (Groundball, 3)
Bottom of the 7th over - 0 runs, 1 hit, 0 errors, 1 left on base; Kingston Township 0 - Brooklyn 6
TOP OF THE 8TH
Kingston Township Knights batting - Pitching for Brooklyn Dodgers : RHP Pang Qin
Batting: RHB Alfredo Cardenas 0-0: Ball
1-0: Swinging Strike
1-1: Called Strike
1-2: Foul Ball, location: 2F
1-2: Strikes out swinging
Batting: LHB António González 0-0: Foul Ball, location: 2F
0-1: Ground out 4-3 (Groundball, 4M)
Batting: RHB Ron Bernard 0-0: SINGLE (Flyball, 9LM)
Batting: LHB Ed Mellor 0-0: Ball
1-0: Called Strike
1-1: Swinging Strike
1-2: Ball
2-2: Fly out, F7 (Flyball, 7LM)
Top of the 8th over - 0 runs, 1 hit, 0 errors, 1 left on base; Kingston Township 0 - Brooklyn 6
BOTTOM OF THE 8TH
Brooklyn Dodgers batting - Pitching for Kingston Township Knights : RHP António Rúbio
Batting: RHB Gerald Clark 0-0: Called Strike
0-1: Ball
1-1: Ball
2-1: Ball
3-1: Base on Balls
Batting: LHB Jérôme Masson 0-0: Fielders Choice at 2nd, 4-6 (Groundball, 34)
Batting: SHB Tommy Dreamer 0-0: Foul Ball, location: 2F
0-1: Called Strike
0-2: Foul Ball, location: 2F
0-2: Ball
1-2: Fielders Choice at 2nd, 4-6 (Groundball, 4D)
Batting: LHB Roberto Soto 0-0: Ball
1-0: Foul Ball, location: 2F
1-1: Ball
2-1: Called Strike
2-2: Fly out, F6 (Popup, 6MD)
Bottom of the 8th over - 0 runs, 0 hits, 0 errors, 1 left on base; Kingston Township 0 - Brooklyn 6
TOP OF THE 9TH
Kingston Township Knights batting - Pitching for Brooklyn Dodgers : RHP Pang Qin
Batting: RHB EP Weston 0-0: Ground out 1-3 (Groundball, 13S)
Batting: RHB Júlio Rodríguez 0-0: Ball
1-0: Called Strike
1-1: Ball
2-1: Ball
3-1: Ground out 1-3 (Groundball, P)
Batting: RHB José Icaza 0-0: Swinging Strike
0-1: Called Strike
0-2: Ball
1-2: Ball
2-2: Fly out, F3 (Popup, 23F)
Top of the 9th over - 0 runs, 0 hits, 0 errors, 0 left on base; Kingston Township 0 - Brooklyn 6
Friday, March 29th, 2019 - OOTP Baseball 18.8 Build 76